 Dungeon Crawl Stone Soup version 0.21.1-1-g345015f (webtiles) character file.

25184 asishallab the Grappler (level 12, 0/105 HPs)
             Began as a Troll Monk on May 13, 2018.
             Was an Elder of Fedhas.
             Slain by a six-headed hydra (6 damage)
             ... on level 13 of the Dungeon.
             The game lasted 00:56:49 (11564 turns).

asishallab the Grappler (Troll Monk)               Turns: 11564, Time: 00:56:49

Health: 0/105      AC:  6    Str: 30    XL:     12   Next: 87%
Magic:  9/11       EV: 17    Int: 11    God:    Fedhas [****..]
Gold:   752        SH: 17    Dex: 21    Spells: 9/11 levels left

rFire    . . .     SeeInvis .     - Unarmed
rCold    . . .     Gourm    +   p - +0 shield
rNeg     . . .     Faith    .   u - +0 robe "Paog" {Int+5 Dex+3}
rPois    .         Spirit   .   (helmet restricted)
rElec    .         Reflect  .   w - +0 cloak
rCorr    .         Harm     .   (gloves unavailable)
MR       .....     Clarity  +   (boots unavailable)
Stlth    ++........             (no amulet)
HPRegen  0.67/turn              g - +3 ring of strength
MPRegen  0.12/turn              t - +5 ring of strength

@: hasted, very quick
A: large, unfitting armour, claws 3, talons 1, large bone plates 1, agile 1,
clarity, fast metabolism 3, gourmand, regeneration 1, shaggy fur 1, tough skin 2
a: Fungal Bloom, Evolution, Sunlight, Growth, Reproduction, Renounce Religion


You were on level 13 of the Dungeon.
You worshipped Fedhas.
Fedhas was greatly pleased with you.
You were completely stuffed.

You visited 2 branches of the dungeon, and saw 14 of its levels.
You also visited: Ossuary.

You collected 857 gold pieces.
You spent 105 gold pieces at shops.

Inventory:

Missiles
 d - 338 stones
 B - 5 large rocks (quivered)
 E - 7 tomahawks
Armour
 a - a +0 robe
 p - a +0 shield (worn)
 u - the +0 robe "Paog" (worn) {Int+5 Dex+3}
   (You acquired it on level 8 of the Dungeon)

   It affects your intelligence (+5).
   It affects your dexterity (+3).
 w - a +0 cloak (worn)
Jewellery
 g - a +3 ring of strength (left claw)
 m - an uncursed ring of protection from cold
 o - an uncursed ring of flight
 t - a +5 ring of strength (right claw)
 A - a +3 ring of protection
 C - an uncursed ring of positive energy
 K - a +1 ring of protection
Wands
 q - a wand of enslavement (8)
 v - a wand of random effects (42)
 z - a wand of flame (107)
 G - a wand of disintegration (40)
 I - a wand of acid (14)
Scrolls
 c - 7 scrolls of remove curse
 h - 5 scrolls of enchant armour
 i - 5 scrolls of amnesia
 j - 8 scrolls of teleportation
 k - 3 scrolls of fog
 s - a scroll of immolation
 y - a scroll of blinking
 D - 2 scrolls of enchant weapon
 J - a scroll of magic mapping
 M - a scroll of summoning {unknown}
 N - a scroll of identify
Potions
 e - 3 potions of haste
 f - 7 potions of curing
 l - a potion of lignification
 n - a potion of agility
 r - 3 potions of brilliance
 F - a potion of ambrosia
 H - a potion of flight
Books
 L - a book of Minor Magic

   Spells                             Type                      Level
   a - Magic Dart                     Conjuration                  1
   b - Blink                          Translocation                2
   c - Call Imp                       Summoning                    2
   d - Slow                           Hexes                        2
   e - Conjure Flame                  Conjuration/Fire             3
   f - Mephitic Cloud                 Conjuration/Poison/Air       3
Comestibles
 b - 16 rations


   Skills:
 - Level 3.0 Fighting
 + Level 4.8 Throwing
 + Level 9.5 Dodging
 - Level 1.8 Stealth
 + Level 8.9 Shields
 + Level 14.4 Unarmed Combat
 + Level 0.2 Invocations


You had 9 spell levels left.
You knew the following spells:

 Your Spells              Type           Power        Failure   Level  Hunger
a - Blink                 Tloc           N/A          47%         2    ###....


Dungeon Overview and Level Annotations

Branches:
Dungeon (13/15)            Temple (1/1) D:7            Lair (0/6) D:10
    Orc (0/2) D:10
 Vaults: D:13-14

Altars:
Ashenzari
Cheibriados
Dithmenos
Elyvilon
Fedhas
Gozag
Hepliaklqana
Kikubaaqudgha
Makhleb
Nemelex Xobeh
Okawaru
Qazlal
Ru
Sif Muna
Trog
Uskayaw
Vehumet
Wu Jian
Xom
Yredelemnul
Zin
The Shining One

Shops:
D:4 *


Innate Abilities, Weirdness & Mutations

You are too large for most types of armour.
You have claws for hands.
Your metabolism is lightning-fast.
You like to eat raw meat.
Your natural rate of healing is unusually fast.
You are covered in fur. (AC +1)
You have very tough skin. (AC +2)
You have sharp toenails.
You are partially covered in large bone plates. (SH +4)
You are agile. (Dex +2)
You possess an exceptional clarity of mind.


Message History

* * * LOW HITPOINT WARNING * * *
You block the six-headed hydra's attack. x2
The six-headed hydra barely misses you.
Select sunlight destination.
Press: ? - help, Dir - move target cursor, f/p - six-headed hydra
Aim: a six-headed hydra (heavily wounded)
You feel slightly less full.
The six-headed hydra bites you but does no damage.
The six-headed hydra misses you. The six-headed hydra bites you!
* * * LOW HITPOINT WARNING * * *
The six-headed hydra bites you!
* * * LOW HITPOINT WARNING * * *
You block the six-headed hydra's attack.
The six-headed hydra barely misses you.
You feel yourself speed up. The six-headed hydra misses you.
You block the six-headed hydra's attack.
The six-headed hydra bites you but does no damage.
The six-headed hydra bites you.
You die...
Fedhas appreciates your contribution to the ecosystem.

.....#......##....#....#####..#
.###.#......##.<..#...........#
)# #.#......#######...........#
.###.'............#...........#
.)...#............#...........#
)....#............#..(..(.....#
.....######'##.... .(....>...#
.............######...........#
................@D............#
......######..................#
....................#########.#
..............................#
..............................#
.........................|<...#
###############################


You could see a six-headed hydra.

Vanquished Creatures
  Snorg (D:12)
  A hydra (D:12)
  Fannar (D:10)
  The ghost of bmj180 the Whirler, a journeyman HaHu of Okawaru (D:10)
  A tengu warrior (D:13)
  2 centaur warriors (D:13)
  2 two-headed ogres
  2 ugly things (D:12)
  2 cyclopes (D:11)
  A centaur zombie (D:12)
  A gargoyle (D:13)
  A kobold demonologist (D:13)
  The ghost of Opti87 the Chopper, an amateur HOMo (D:4)
  A troll (D:11)
  A hornet (D:13)
  Prince Ribbit (D:5)
  2 hippogriffs
  15 yaks
  2 wraiths (D:13)
  2 hungry ghosts
  A golden eye (shapeshifter) (D:13)
  2 wyverns (D:9)
  A soldier ant (D:13)
  An ice beast (D:7)
  8 orc warriors
  4 black bears
  A sky beast (D:11)
  3 ogres
  A phantom (D:7)
  7 centaurs
  5 big kobolds
  8 bullfrogs
  2 scorpions (D:13)
  A wyvern skeleton (D:12)
  9 killer bees (D:9)
  5 wights (D:10)
  3 howler monkeys
  A bullfrog zombie (D:12)
  6 crimson imps
  2 jellies
  A bullfrog skeleton (D:5)
  A centaur skeleton (D:9)
  2 gnoll shamans (D:4)
  12 orc priests
  7 hounds
  Crazy Yiuf (D:3)
  18 orc wizards
  3 iguanas
  9 worker ants
  2 hound zombies
  2 hound skeletons
  3 mummies (Ossuary)
  A howler monkey zombie (D:7)
  A worker ant zombie (D:8)
  19 adders
  25 gnolls
  4 shadow imps
  3 adder zombies
  3 worms
  2 dart slugs
  10 leopard geckos
  62 orcs
  10 bats
  2 giant cockroaches
  6 goblins
  3 hobgoblins
  28 jackals
  5 quokkas
  2 frilled lizards (D:4)
  A goblin zombie (Ossuary)
  3 hobgoblin zombies (Ossuary)
  35 kobolds
  2 kobold zombies (Ossuary)
  An orc zombie (Ossuary)
  4 quokka zombies (Ossuary)
  4 rats
  5 rat zombies (Ossuary)
414 creatures vanquished.

Vanquished Creatures (collateral kills)
  A hydra (D:13)
  An orc warrior (D:7)
  A gnoll sergeant (D:4)
  2 gnoll shamans (D:4)
  An orc wizard (D:4)
  A worker ant (D:4)
  7 gnolls (D:4)
  4 orcs
  5 jackals (D:4)
  A quokka (D:5)
24 creatures vanquished.

Vanquished Creatures (others)
  A wandering mushroom (D:4)
  166 toadstools
167 creatures vanquished.

Grand Total: 605 creatures vanquished

Notes
Turn   | Place    | Note
-------+----------+-------------------------------------------
     0 | D:1      | asishallab the Troll Monk began the quest for the Orb.
     0 | D:1      | Reached XP level 1. HP: 22/22 MP: 0/0
   215 | D:1      | Reached XP level 2. HP: 29/29 MP: 1/1
   358 | D:1      | You fall through a shaft!
   366 | D:2      | Reached XP level 3. HP: 26/36 MP: 2/2
   418 | D:2      | Gained mutation: You are partially covered in large bone plates. (SH +4) [potion of mutation]
   418 | D:2      | Gained mutation: You have sharp toenails. [potion of mutation]
   418 | D:2      | Gained mutation: You are agile. (Dex +2) [potion of mutation]
   418 | D:2      | Gained mutation: You possess an exceptional clarity of mind. [potion of mutation]
   428 | D:2      | Found a shadowy altar of Dithmenos.
   591 | D:2      | Found an opulent altar of Gozag.
   680 | D:2      | Found a hazy altar of Hepliaklqana.
   874 | D:1      | Reached XP level 4. HP: 45/45 MP: 3/3
  1093 | D:1      | You fall through a shaft!
  1458 | D:3      | Found a radiant altar of Vehumet.
  1572 | D:3      | Reached skill level 4 in Unarmed Combat
  1572 | D:3      | Reached XP level 5. HP: 33/53 MP: 4/4
  1788 | D:3      | Found a runed door.
  2061 | D:3      | Noticed an orc warrior
  2064 | D:3      | Reached skill level 5 in Unarmed Combat
  2064 | D:3      | Reached XP level 6. HP: 60/61 MP: 5/5
  2074 | D:3      | Killed an orc warrior
  2074 | D:3      | Reached skill level 1 in Shields
  2273 | D:3      | Noticed Crazy Yiuf
  2285 | D:3      | Killed Crazy Yiuf
  2552 | D:4      | Reached XP level 7. HP: 54/67 MP: 6/6
  2787 | D:4      | Reached skill level 6 in Unarmed Combat
  2864 | D:4      | Found an ornate altar of the Wu Jian Council.
  2876 | D:4      | Found a blossoming altar of Fedhas.
  2880 | D:4      | Became a worshipper of Fedhas Madash
  2880 | D:4      | Reached * piety under Fedhas
  2880 | D:4      | Reached ** piety under Fedhas
  2912 | D:4      | Noticed Opti87's ghost (amateur HOMo)
  2930 | D:4      | Killed Opti87's ghost
  3014 | D:4      | Found a glowing silver altar of Zin.
  3196 | D:4      | Found Ituetuol's General Store.
  3204 | D:4      | Bought a scroll of enchant armour for 105 gold pieces
  3264 | D:4      | Reached XP level 8. HP: 74/75 MP: 7/7
  3976 | D:4      | Reached skill level 5 in Dodging
  4042 | D:5      | Entered Level 5 of the Dungeon
  4080 | D:5      | Reached skill level 7 in Unarmed Combat
  4364 | D:5      | Noticed Prince Ribbit
  4573 | D:5      | Killed Prince Ribbit
  4779 | D:5      | Found an ancient bone altar of Kikubaaqudgha.
  5116 | D:6      | Reached XP level 9. HP: 81/81 MP: 8/8
  5157 | D:6      | Found a stormy altar of Qazlal.
  5443 | D:7      | Reached skill level 8 in Unarmed Combat
  5492 | D:7      | Reached skill level 5 in Shields
  5659 | D:7      | Found a sand-covered staircase.
  5664 | Ossuary  | Entered an ossuary
  6182 | D:7      | Found a staircase to the Ecumenical Temple.
  6190 | Temple   | Entered the Ecumenical Temple
  6379 | D:8      | Noticed a two-headed ogre
  6389 | D:8      | Killed a two-headed ogre
  6389 | D:8      | Reached skill level 9 in Unarmed Combat
  6537 | D:8      | Identified a scroll of acquirement
  6539 | D:8      | Got a wizard robe
  6550 | D:8      | Identified the +0 robe "Paog" {Int+5 Dex+3} (You acquired it on level 8 of the Dungeon)
  6600 | D:8      | Reached XP level 10. HP: 91/91 MP: 9/9
  7241 | D:8      | You fall through a shaft!
  7786 | D:9      | Reached skill level 13 in Unarmed Combat
  7786 | D:9      | Reached XP level 11. HP: 97/97 MP: 10/10
  7899 | D:9      | Reached *** piety under Fedhas
  8254 | D:10     | Entered Level 10 of the Dungeon
  8260 | D:10     | Noticed Fannar
  8286 | D:10     | Killed Fannar
  8318 | D:10     | Noticed a two-headed ogre
  8325 | D:10     | Killed a two-headed ogre
  8504 | D:10     | Found a staircase to the Orcish Mines.
  8657 | D:10     | Noticed bmj180's ghost (journeyman HaHu)
  8697 | D:10     | Killed bmj180's ghost
  8847 | D:10     | Found a staircase to the Lair.
  8847 | D:10     | Noticed an oklob plant
  9214 | D:11     | Reached skill level 1 in Throwing
  9363 | D:11     | Reached XP level 12. HP: 70/105 MP: 11/11
  9437 | D:11     | Learned a level 2 spell: Blink
  9690 | D:12     | Noticed a four-headed hydra
  9703 | D:12     | Killed an eight-headed hydra
 10145 | D:12     | Noticed Snorg
 10160 | D:12     | Killed Snorg
 10160 | D:12     | Reached skill level 14 in Unarmed Combat
 10677 | D:13     | Noticed a centaur warrior
 10691 | D:13     | Killed a centaur warrior
 10702 | D:13     | Reached **** piety under Fedhas
 10863 | D:13     | Noticed a five-headed hydra
 10880 | D:13     | HP: 1/105 [ten-headed hydra (9)]
 10880 | D:13     | Killed a ten-headed hydra
 11137 | D:13     | Noticed a centaur warrior
 11143 | D:13     | Killed a centaur warrior
 11386 | D:13     | Noticed a tengu warrior
 11398 | D:13     | Killed a tengu warrior
 11553 | D:13     | Noticed a five-headed hydra
 11562 | D:13     | HP: 5/105 [six-headed hydra (13)]
 11564 | D:13     | Slain by a six-headed hydra

Skill      XL: |  1  2  3  4  5  6  7  8  9 10 11 12 |
---------------+-------------------------------------+-----
Fighting       | 3 |  3.0
Dodging        | 3 4 5 7 8 9 |  9.5
Unarmed Combat | 4 5 6 7 9 13 14 | 14.4
Shields        | 1 3 4 6 7 8 |  8.9
Throwing       | 1 4 |  4.8
Stealth        | |  1.8
Invocations    | |  0.2

Action                   |  1- 3 |  4- 6 |  7- 9 | 10-12 || total
-------------------------+-------+-------+-------+-------++-------
Melee: Unarmed           |    73 |   137 |   365 |   449 ||  1024
       Kick              |     4 |    49 |   116 |   164 ||   333
       Punch             |     1 |       |       |       ||     1
Throw: Large rock        |       |       |       |    20 ||    20
Invok: Evolution         |       |       |    11 |     1 ||    12
       Fungal Bloom      |       |       |    18 |    21 ||    39
       Sunlight          |       |       |     1 |     3 ||     4
       Growth            |       |       |       |     1 ||     1
Evoke: Wand              |       |       |       |     1 ||     1
  Use: Scroll            |     2 |     5 |     7 |     3 ||    17
       Potion            |     2 |     6 |     1 |    10 ||    19
 Stab: Sleeping          |     3 |     1 |    10 |    10 ||    24
       Distracted        |       |       |       |     3 ||     3
  Eat: Chunk             |    13 |    16 |    29 |    54 ||   112
       Ration            |       |       |       |     1 ||     1
Armor: Robe              |    27 |    17 |    40 |    57 ||   141
Dodge: Dodged            |    33 |    35 |    86 |   198 ||   352
Block: Other             |     3 |       |       |       ||     3
       Shield            |       |    66 |   200 |   358 ||   624
